 Dungeon Crawl Stone Soup version 0.26-a0-1058-g8dc6ce00ff (webtiles) character file.

Game seed: 16601284854945157924

28986 Delamore the Basher (level 13, -6/87 HPs)
             Began as a Gargoyle Fighter on Dec 13, 2020.
             Was a High Priest of Okawaru.
             Killed from afar by an ice statue (19 damage)
             ... with a bolt of cold
             ... in an ice cave.
             The game lasted 00:23:52 (16445 turns).

Delamore the Basher (Gargoyle Fighter)             Turns: 16445, Time: 00:23:53

Health: -6/87      AC: 33    Str: 35    XL:     13   Next: 42%
Magic:  15/16      EV:  8    Int:  9    God:    Okawaru [*****.]
Gold:   938        SH: 14    Dex:  9    Spells: 12/12 levels left

rFire    . . .     SeeInvis +   D - +0 mace "Icacs" {vorpal, +Inv rPois Will- Str+4} (curse)
rCold    . . .     Faith    .   c - +0 kite shield
rNeg     + . .     Spirit   .   Z - +6 plate armour {ponderous}
rPois    ∞         Reflect  .   M - +2 hat {SInv}
rElec    +         Harm     .   b - +0 cloak
rCorr    .         Rampage  .   W - +1 pair of gloves
Will     .....     Rnd*Tele +   y - +0 pair of boots
Stlth    ..........             a - amulet of inaccuracy (curse)
HPRegen  0.24/turn              E - +6 ring of strength
MPRegen  0.15/turn              F - ring of teleportation (curse)

@: mighty, slow
A: negative energy resistance 1, electricity resistance, unbreathing,
petrification resistance, rot immunity, AC +9
a: Heroism, Finesse, Renounce Religion, Evoke Invisibility


You were in an ice cave.
You worshipped Okawaru.
Okawaru was extremely pleased with you.
You visited 3 branches of the dungeon, and saw 15 of its levels.
You also visited: Ossuary and Ice Cave.

You collected 938 gold pieces.

Inventory:

Hand Weapons
 D - the cursed +0 mace "Icacs" (weapon) {vorpal, +Inv rPois Will- Str+4}
   (You found it on level 5 of the Dungeon)

   It inflicts extra damage upon your enemies.
   It affects your strength (+4).
   It protects you from poison.
   It affects your willpower, your defense against some magical effects.
   It lets you turn invisible.
   It has a curse placed upon it.
 P - a +1 morningstar of protection
Missiles
 g - 40 poisoned darts (quivered)
Armour
 b - a +0 cloak (worn)
 c - a +0 kite shield (worn)
 l - a +1 hat of willpower
 y - a +0 pair of boots (worn)
 M - a +2 hat of see invisible (worn)
 V - a +0 pair of gloves of dexterity
 W - a +1 pair of gloves (worn)
 Z - a +6 plate armour of ponderousness (worn)
Jewellery
 a - a cursed amulet of inaccuracy (around neck)
 o - an uncursed ring of protection from fire
 q - an uncursed ring of resist corrosion
 u - an uncursed amulet of faith {unknown}
 w - an uncursed amulet of reflection
 E - a +6 ring of strength (left hand)
 F - a cursed ring of teleportation (right hand)
Wands
 t - a wand of flame (75)
 G - a wand of paralysis (18)
 L - a wand of disintegration (16)
 N - a wand of iceblast (21)
 S - a wand of digging (4)
 X - a wand of polymorph (14)
 Y - a wand of acid (17)
Scrolls
 e - 2 scrolls of noise
 f - 5 scrolls of teleportation
 k - 2 scrolls of identify
 p - 2 scrolls of magic mapping
 s - 2 scrolls of amnesia
 x - a scroll of fog
 A - a scroll of brand weapon
 I - 2 scrolls of blinking
 K - a scroll of enchant armour
 O - a scroll of summoning
 R - a scroll of fear
Potions
 d - 4 potions of might
 h - 2 potions of heal wounds {unknown}
 i - a potion of resistance {unknown}
 j - 5 potions of haste
 m - a potion of berserk rage {unknown}
 n - 3 potions of curing
 r - 3 potions of invisibility {unknown}
 v - 3 potions of degeneration {unknown}
 z - 4 potions of ambrosia {unknown}
 B - a potion of attraction {unknown}
 C - 2 potions of mutation {unknown}
 H - 6 potions of flight {unknown}
 J - 3 potions of brilliance {unknown}
Miscellaneous
 Q - a phial of floods
 T - a lightning rod (4/4)


   Skills:
 + Level 12.9 Fighting
 - Level 14.0 Maces & Flails
 - Level 3.7 Armour
 - Level 1.9 Dodging
 + Level 12.9 Shields
 - Level 5.0 Invocations


You had 12 spell levels left.
You didn't know any spells.
Your spell library contained the following spells:

 Spells                   Type           Power        Failure   Level
 Freeze                   Ice            #...         99%         1
 Frozen Ramparts          Ice            #.....       100%        3
 Ozocubu's Armour         Ice            #.......     100%        3
 Hailstorm                Conj/Ice       #.......     100%        4
 Summon Ice Beast         Ice/Summ       #.......     100%        4


Dungeon Overview and Level Annotations

Branches:
Dungeon (11/15)            Temple (1/1) D:4            Lair (3/6) D:9
 Shoals (0/4) Lair:3      Ossuary (visited)           IceCv (1/1)
  Snake: Lair:2-4    Spider: Lair:2-4       Orc: D:9-12

Altars:
Ashenzari
Cheibriados
Dithmenos
Elyvilon
Fedhas
Hepliaklqana
Kikubaaqudgha
Makhleb
Nemelex Xobeh
Okawaru
Ru
Sif Muna
Trog
Uskayaw
Wu Jian
Yredelemnul
Zin
The Shining One

Shops:
D:7 =

Portals:
Trove: D:10 (give +4 fire dragon scales)

Annotations:
D:11 ANON1729's ghost, journeyman MfGl
Lair:2 exclusion: 3 oklob plants IceCv 1 transporter, exclusion: 2 ice statues


Innate Abilities, Weirdness & Mutations

You are resistant to torment.
Your stone body is resilient. (AC +9)
You are immune to poison.
You resist negative energy. (rN+)
You are resistant to electric shocks. (rElec)
You can survive without breathing.
You are immune to petrification.
You are immune to rotting.


Message History

You sock the ice statue!
The ice statue is heavily damaged.
You are engulfed in freezing vapours.
The white ugly thing is engulfed in freezing vapours.
The white ugly thing trunk-slaps you but does no damage.
You block the ice beast's attack.
You hit the ice statue.
The ice statue is heavily damaged.
You are engulfed in freezing vapours.
* * * LOW HITPOINT WARNING * * *
The white ugly thing is engulfed in freezing vapours.
You block the white ugly thing's attack.
You sock the ice statue!
The ice statue is severely damaged.
You are engulfed in freezing vapours.
* * * LOW HITPOINT WARNING * * *
The ice beast hits you but does no damage.
The ice statue gestures at you. The bolt of cold hits you!!
You die...

###########
##...(©(...##
#...8.|.8...#
##....}.[....##
#......○......#
#....8..Y8○...#
#.......°@○...#
#......u○°..##
#...........#
#.....©.....#
##.........##
##...∩...##
##.....##
#######


You could see 2 ice statues, a white ugly thing and an ice beast (summoned).

Vanquished Creatures
  Gastronok (D:9)
  6 hydras
  A queen ant (Lair:3)
  5 death yaks (Lair:3)
  Nergalle (Lair:1)
  Sonja (Lair:2)
  Pikel (D:4)
  An ugly thing (IceCv)
  Joseph (D:7)
  2 black mambas
  3 elephants (Lair:3)
  3 cane toads (Lair:1)
  2 komodo dragons
  A polar bear (Lair:3)
  2 trolls
  Grinder (D:4)
  13 blink frogs
  A vampire (D:10)
  5 wyverns
  A wraith (D:11)
  13 yaks
  3 basilisks
  Edmund (D:4)
  4 soldier ants (Lair:3)
  5 water moccasins
  7 orc warriors
  9 ice beasts
  3 black bears
  3 phantoms
  2 necrophages (D:8)
  11 wolves
  4 ogres
  8 centaurs
  5 bullfrogs
  An elf zombie (D:7)
  An elf skeleton (D:7)
  2 water moccasin zombies (Ossuary)
  A scorpion (D:8)
  10 wights
  An electric eel (D:9)
  A howler monkey (D:9)
  3 quasits
  4 hounds
  2 jellies
  9 orc wizards
  6 orc priests
  2 bullfrog skeletons
  Jessica (D:3)
  A human skeleton (D:7)
  16 worker ants
  3 iguanas
  3 big kobold zombies (Ossuary)
  2 hound skeletons (D:6)
  2 mummies (Ossuary)
  A worker ant zombie (D:5)
  4 gnolls
  9 adders
  3 shadow imps
  13 white imps
  5 ufetubi
  2 oozes
  5 adder zombies
  2 adder skeletons
  2 worms (D:4)
  3 dart slugs
  5 leopard geckos
  38 orcs
  3 giant cockroaches
  5 goblins
  7 hobgoblins
  11 jackals
  9 kobolds
  5 quokkas
  A ball python (D:3)
  2 bats
  4 frilled lizards
  A gnoll zombie (Ossuary)
  7 hobgoblin zombies (Ossuary)
  A jackal skeleton (D:2)
  5 kobold zombies (Ossuary)
  2 leopard gecko zombies
  2 orc skeletons (D:7)
  5 orc zombies
  A quokka skeleton (D:4)
  8 rats
372 creatures vanquished.

Vanquished Creatures (others)
  A quokka (D:9)
  9 fungi
  27 plants
37 creatures vanquished.

Grand Total: 409 creatures vanquished

Notes
Turn   | Place    | Note
-------+----------+-------------------------------------------
     0 | D:1      | Delamore the Gargoyle Fighter began the quest for the Orb.
     0 | D:1      | Reached XP level 1. HP: 14/14 MP: 1/1
    39 | D:1      | Reached XP level 2. HP: 19/19 MP: 2/2
   449 | D:2      | Reached XP level 3. HP: 18/24 MP: 3/3
   923 | D:2      | Reached XP level 4. HP: 25/29 MP: 4/4
  1798 | D:3      | Reached XP level 5. HP: 29/33 MP: 5/5
  1906 | D:3      | Reached skill level 1 in Dodging
  2354 | D:3      | Noticed Jessica
  2361 | D:3      | Killed Jessica
  2362 | D:3      | Reached skill level 3 in Maces & Flails
  2362 | D:3      | Reached skill level 5 in Shields
  2362 | D:3      | Reached XP level 6. HP: 31/39 MP: 6/6
  2524 | D:3      | You fall into a shaft and drop 2 floors!
  2524 | D:5      | Entered Level 5 of the Dungeon
  2964 | D:4      | Noticed Grinder
  2983 | D:4      | Paralysed by Grinder for 7 turns
  3075 | D:4      | Killed Grinder
  3076 | D:4      | Reached skill level 5 in Fighting
  3076 | D:4      | Reached skill level 4 in Maces & Flails
  3076 | D:4      | Reached XP level 7. HP: 44/44 MP: 7/7
  3370 | D:4      | Reached skill level 5 in Maces & Flails
  3460 | D:4      | Found a white marble altar of Elyvilon.
  3561 | D:4      | Noticed Pikel
  3582 | D:4      | Killed Pikel
  3583 | D:4      | Reached skill level 7 in Maces & Flails
  3583 | D:4      | Reached XP level 8. HP: 47/49 MP: 8/8
  3625 | D:4      | Found a sacrificial altar of Ru.
  3797 | D:4      | Found a staircase to the Ecumenical Temple.
  3825 | Temple   | Entered the Ecumenical Temple
  3885 | Temple   | Became a worshipper of Warmaster Okawaru
  3994 | D:4      | Found an ornate altar of the Wu Jian Council.
  4090 | D:4      | Noticed Edmund
  4110 | D:4      | Killed Edmund
  4111 | D:4      | Reached skill level 8 in Maces & Flails
  4495 | D:5      | Found a glowing silver altar of Zin.
  4496 | D:5      | Noticed an angel
  4567 | D:5      | Reached * piety under Okawaru
  4568 | D:5      | Reached skill level 9 in Maces & Flails
  4688 | D:5      | Got an iridescent mace
  4689 | D:5      | Identified the cursed +0 mace "Icacs" {vorpal, +Inv rPois
                  | Will- Str+4} (You found it on level 5 of the Dungeon)
  4977 | D:6      | Reached XP level 9. HP: 43/54 MP: 9/9
  5047 | D:6      | Found a shadowy altar of Dithmenos.
  5251 | D:5      | Reached skill level 10 in Maces & Flails
  5606 | D:6      | Found a snail-covered altar of Cheibriados.
  6122 | D:7      | Found a shimmering blue altar of Sif Muna.
  6228 | D:7      | Found Syab's Jewellery Boutique.
  6345 | D:7      | Noticed Joseph
  6364 | D:7      | Killed Joseph
  6364 | D:7      | Reached ** piety under Okawaru
  6365 | D:7      | Reached skill level 11 in Maces & Flails
  6411 | D:7      | Found a sand-covered staircase.
  6416 | Ossuary  | Entered an ossuary
  6860 | D:7      | Reached skill level 12 in Maces & Flails
  6942 | D:7      | Reached XP level 10. HP: 34/59 MP: 10/10
  7299 | D:8      | Found a basalt altar of Yredelemnul.
  7307 | D:8      | Found a glowing golden altar of the Shining One.
  7312 | D:8      | Found a hide-covered altar of Uskayaw.
  7322 | D:8      | Reached *** piety under Okawaru
  7620 | D:8      | Reached skill level 13 in Maces & Flails
  7800 | D:8      | Reached skill level 1 in Invocations
  7860 | D:8      | Found a broken altar of Ashenzari.
  8107 | D:9      | Found a bloodstained altar of Trog.
  8147 | D:9      | Noticed Gastronok
  8170 | D:9      | Found a staircase to the Lair.
  8629 | D:8      | Reached **** piety under Okawaru
  9047 | D:8      | Reached skill level 5 in Invocations
  9056 | D:8      | Reached skill level 14 in Maces & Flails
  9417 | D:8      | Reached XP level 11. HP: 52/63 MP: 14/14
  9519 | D:9      | Killed Gastronok
  9519 | D:9      | Reached ***** piety under Okawaru
  9685 | D:9      | Found a burning altar of Makhleb.
  9877 | D:10     | Entered Level 10 of the Dungeon
 10267 | D:10     | Found a portal to a secret trove of treasure.
 10530 | Lair:1   | Entered Level 1 of the Lair of Beasts
 10869 | Lair:1   | Noticed Nergalle
 10901 | Lair:1   | Killed Nergalle
 11154 | Lair:1   | You fall into a shaft and drop 1 floor!
 11591 | Lair:1   | Noticed a seven-headed hydra
 11600 | Lair:1   | Killed a seven-headed hydra
 11601 | Lair:1   | Reached XP level 12. HP: 70/76 MP: 9/15
 12285 | Lair:2   | Noticed a five-headed hydra
 12296 | Lair:2   | Killed a five-headed hydra
 12320 | Lair:2   | Noticed a six-headed hydra
 12333 | Lair:2   | Killed a six-headed hydra
 12427 | Lair:2   | Reached skill level 10 in Shields
 12530 | Lair:2   | Reached skill level 10 in Fighting
 12831 | Lair:2   | Received a gift from Okawaru
 12917 | Lair:2   | Noticed a six-headed hydra
 12921 | Lair:2   | Noticed Sonja
 13046 | Lair:1   | Killed a six-headed hydra
 13046 | Lair:1   | Reached ****** piety under Okawaru
 13333 | Lair:2   | Killed Sonja
 13935 | Lair:3   | Noticed a seven-headed hydra
 13947 | Lair:3   | Killed a seven-headed hydra
 14129 | Lair:3   | Received a gift from Okawaru
 14363 | Lair:3   | Noticed a queen ant
 14407 | Lair:3   | Killed a queen ant
 14631 | Lair:3   | Reached XP level 13. HP: 72/85 MP: 16/16
 14866 | Lair:3   | Found a staircase to the Shoals.
 15796 | D:11     | Noticed ANON1729's ghost (journeyman MfGl)
 16363 | D:11     | Found a frozen archway.
 16385 | IceCv    | Entered an ice cave
 16401 | IceCv    | Received a gift from Okawaru
 16414 | IceCv    | Found a transporter.
 16438 | IceCv    | Found a transporter.
 16445 | IceCv    | Killed from afar by an ice statue

Illustrated notes

Levels and vault maps discovered:
D:1:      minmay_arrival_doors, layout_rooms
D:2:      layout_basic, st_stairs_3, minmay_crystal_room,
          minmay_increasing_density
D:3:      layout_loops_corners, uniq_jessica
D:4:      layout_loops_corners, kennysheep_little_box,
          nicolae_overflow_hidden_temple, minmay_temple_entry_enclosed_plants,
          uniq_pikel, uniq_edmund, uniq_grinder
D:5:      layout_loops_ring, zin_angel
D:6:      layout_basic, grunt_dithmenos_smoke, cheibriados_altar_1
D:7:      layout_basic, lemuel_round_altar, serial_shops, shop_statue,
          nicolae_ossuary_entry_catacombs, uniq_joseph
D:8:      layout_rooms, chequers_temple_overflow_statue_of_worship,
          lemuel_doored_altar
D:9:      layout_big_octagon, old_standard_altar, lair_entry_dummy, basic_altar,
          uniq_gastronok
D:10:     layout_basic, nicolae_trove_entry_free_sample,
          minmay_fractal_squares_gapless_5
D:11:     layout_cave_pools, portal_ice_cave_entry_imps,
          hellmonk_ghost_happy_afterlife, st_stairs_2
Temple:   dpeg_chambers_temple
Lair:1:   layout_layer_cave, grunt_megastairs_5, uniq_nergalle
Lair:2:   layout_gridlike, grunt_megastairs_1, minmay_lair_oklob_chamber,
          infiniplex_staircase_pool_2, uniq_sonja
Lair:3:   layout_regular_city, minmay_shoals_entry_centaurs,
          minmay_another_anthill, grunt_megastairs_4
IceCv:    ice_cave_statue_garden_transporter

Skill      XL: |  1  2  3  4  5  6  7  8  9 10 11 12 13 |
---------------+----------------------------------------+-----
Fighting       | 4 5 9 11 12 | 12.9
Shields        | 4 5 9 11 12 | 12.9
Dodging        | 1 |  1.9
Maces & Flails | 3 4 7 9 12 14 | 14.0
Invocations    | 5 |  5.0
Armour         | |  3.7

Action                   |  1- 3 |  4- 6 |  7- 9 | 10-12 | 13-15 || total
-------------------------+-------+-------+-------+-------+-------++-------
Melee: Flail             |    72 |   144 |       |       |       ||   216
       Morningstar       |       |    55 |    49 |       |       ||   104
       Whip              |       |       |   114 |       |       ||   114
       Mace              |       |       |   331 |   954 |   374 ||  1659
Throw: Dart              |       |     3 |    11 |     1 |       ||    15
Invok: Finesse           |       |       |       |     4 |     2 ||     6
       Heroism           |       |       |       |     2 |     2 ||     4
Evoke: Wand              |       |       |       |     4 |       ||     4
       Lightning rod     |       |       |       |     1 |       ||     1
  Use: Scroll            |       |       |     7 |     5 |     2 ||    14
       Potion            |       |       |       |     3 |     1 ||     4
Armor: Scale mail        |    33 |   205 |       |       |       ||   238
       Chain mail        |       |    14 |   184 |       |       ||   198
       Plate armour      |       |       |       |   495 |   234 ||   729
Dodge: Dodged            |    24 |   129 |    79 |   210 |   115 ||   557
Block: Kite shield       |    31 |   180 |   323 |   837 |   264 ||  1635
       Reflection        |       |       |    16 |    17 |       ||    33

Table legend: (Time is in decaauts)
 A = Elapsed time spent in this place.
 B = Non-inter-level travel time spent in this place.
 C = Inter-level travel time spent in this place.
 D = Time resting spent in this place.
 E = Time spent auto-exploring this place.
 F = Levels seen in this place.
 G = Mean time per level.
                   A        B        C        D        E       F      G
               +--------+--------+--------+--------+--------+-----+--------+
         Total |  16233 |  15605 |    628 |   2301 |  10131 |  17 |  954.9 |
       Dungeon |  10777 |  10370 |    407 |   1452 |   6701 |  11 |  979.7 |
        Temple |     81 |     50 |     31 |      0 |     48 |   1 |   81.0 |
          Lair |   5087 |   4897 |    190 |    849 |   3254 |   3 | 1695.7 |
       Ossuary |    239 |    239 |      0 |      0 |    128 |   1 |  239.0 |
      Ice Cave |     47 |     47 |      0 |      0 |      0 |   1 |   47.0 |
               +--------+--------+--------+--------+--------+-----+--------+

Top non-repeatable levels by time:
  Lair:1: 2097 daAuts
     D:8: 1932 daAuts
  Lair:3: 1719 daAuts
     D:2: 1366 daAuts
  Lair:2: 1271 daAuts
     D:3: 1265 daAuts
     D:4: 1170 daAuts
     D:7: 1082 daAuts
     D:6: 923 daAuts
     D:9: 852 daAuts
    D:10: 839 daAuts
     D:5: 760 daAuts
     D:1: 455 daAuts
 Ossuary: 239 daAuts
    D:11: 129 daAuts
